 Dungeon Crawl Stone Soup version 0.23-a0-398-g8eab93f (webtiles) character file.

165 BingusPrime the Covered (level 5, 0/49 HPs)
             Began as a Deep Dwarf Fighter on Nov 2, 2018.
             Engulfed by a steam dragon's steam (10 damage)
             ... on level 3 of the Dungeon.
             The game lasted 00:03:27 (1513 turns).

BingusPrime the Covered (Deep Dwarf Fighter)        Turns: 1513, Time: 00:03:27

Health: 0/49       AC: 11    Str: 25    XL:     5   Next: 21%
Magic:  4/4        EV:  4    Int:  8    God:
Gold:   130        SH: 10    Dex: 13    Spells: 4/4 levels left

rFire    . . .     SeeInvis .   a - +0 war axe
rCold    . . .     Gourm    .   c - +0 shield
rNeg     . . .     Faith    .   e - +0 plate armour
rPois    +         Spirit   .   (no helmet)
rElec    .         Reflect  .   (no cloak)
rCorr    .         Harm     .   (no gloves)
MR       .....                  (no boots)
Stlth    ..........             (no amulet)
HPRegen  0.00/turn              n - ring of poison resistance
MPRegen  0.09/turn              (no ring)

@: mighty, non-regenerating, drained
A: damage resistance, heal wounds, sense surroundings 1, no regeneration
a: Heal Wounds


You were on level 3 of the Dungeon.
You were very hungry.

You visited 1 branch of the dungeon, and saw 3 of its levels.

You collected 130 gold pieces.

Inventory:

Hand Weapons
 a - a +0 war axe (weapon)
Missiles
 j - 21 bolts
Armour
 b - a +0 scale mail
 c - a +0 shield (worn)
 e - a +0 plate armour (worn)
Jewellery
 n - a ring of poison resistance (left hand)
Scrolls
 g - 2 scrolls of identify {unknown}
 h - a scroll of fear {unknown}
 k - 3 scrolls of enchant armour {unknown}
 m - a scroll of amnesia {unknown}
Potions
 i - a potion of heal wounds {unknown}
 l - a potion of agility {unknown}
Comestibles
 f - 6 rations


   Skills:
 + Level 3.0(2.9) Fighting
 + Level 4.1(3.9) Axes
 + Level 4.3(4.1) Armour
 + Level 0.5(0.3) Dodging
 + Level 4.1(4.0) Shields


You had 4 spell levels left.
You didn't know any spells.
Your spell library was empty.

Dungeon Overview and Level Annotations

Branches:
Dungeon (3/15)

Altars:
Fedhas
Nemelex Xobeh
Sif Muna


Innate Abilities, Weirdness & Mutations

You are resistant to damage.
You can heal yourself by infusing magical energy.
You passively map a small area around you.
You do not regenerate.


Message History

The hobgoblin is moderately wounded.
A quokka comes into view.
The hobgoblin hits you but does no damage.
Your plate armour prevents you from hitting the steam dragon.
You hit the hobgoblin.
You kill the hobgoblin!
You block the steam dragon's attack.
The steam dragon claws you but does no damage.
You closely miss the steam dragon. The steam dragon bites you!
The steam dragon claws you.
The steam dragon bites you but does no damage.
The steam dragon claws you.
You closely miss the steam dragon. The steam dragon breathes steam at you.
The ball of steam hits you!
* * * LOW HITPOINT WARNING * * *
You hear a shout!
You feel very mighty all of a sudden.
You are engulfed in a cloud of scalding steam.
You die...

*#........ + , ,
+....... ,, * ,
* *#...... ,
#####....# ,
#+#........# ,
.......)..§####
.....<.§§§§....
*
..?...r§.§§...(
* ,,
#.....#@§§.....
* ,
#.?...D††......
,#.........#####
#.........#
#.#+#.....# * *,
#. ....... , , ,
*#......## * ,
#......# *


You could see a steam dragon and a quokka.

Vanquished Creatures
  7 gnolls (D:2)
  4 adders
  2 leopard geckos
  8 giant cockroaches
  6 goblins
  10 hobgoblins
  6 jackals (D:1)
  4 kobolds
  A quokka (D:2)
  5 bats
  A frilled lizard (D:2)
  3 rats
57 creatures vanquished.

Notes
Turn   | Place    | Note
-------+----------+-------------------------------------------
     0 | D:1      | BingusPrime the Deep Dwarf Fighter began the quest for the
                  | Orb.
     0 | D:1      | Reached XP level 1. HP: 20/20 MP: 1/1
   101 | D:1      | Found a sparkling altar of Nemelex Xobeh.
   109 | D:1      | Reached XP level 2. HP: 22/27 MP: 2/2
   537 | D:1      | Reached XP level 3. HP: 26/33 MP: 3/3
   943 | D:2      | Reached XP level 4. HP: 32/42 MP: 4/4
   985 | D:2      | Found a faded altar of an unknown god.
  1161 | D:2      | Reached XP level 5. HP: 46/49 MP: 4/4
  1189 | D:2      | Found a deep blue altar of Sif Muna.
  1250 | D:2      | Found a blossoming altar of Fedhas.
  1503 | D:3      | Noticed a steam dragon
  1513 | D:3      | Engulfed by a steam dragon's steam

Vault maps used:
D:1:      dpeg_arrival_tiny_h, nemelex_xobeh_ov_fountains_minmay
D:2:      lemuel_doored_altar, chequers_ecumenical_altar_island, led_sif_pool
D:3:      overflow_temple_1_default, minmay_misc_feat_x

Skill      XL: |  1  2  3  4  5 |
---------------+----------------+-----
Armour         | 4 |  4.3
Fighting       | 3 |  3.0
Axes           | 3 4 |  4.1
Shields        | 4 |  4.1
Dodging        | |  0.5

Action                   |  1- 3 |  4- 6 || total
-------------------------+-------+-------++-------
Melee: War axe           |    93 |    79 ||   172
 Abil: Heal Wounds       |       |     1 ||     1
  Use: Potion            |     1 |     1 ||     2
  Eat: Chunk             |       |     1 ||     1
Armor: Scale mail        |     5 |       ||     5
       Plate armour      |    89 |    57 ||   146
Dodge: Dodged            |    15 |     9 ||    24
Block: Shield            |    61 |    44 ||   105

Table legend:
 A = Non-vault XP
 B = Vault XP
 C = Vault XP percentage of total XP
 D = Non-vault monster count
 E = Vault monster count
 F = Vault count percentage of total count
                 A         B        C        D         E       F
            +---------+---------+-------+---------+---------+-------
      Total |     236 |       0 |   0.0 |      57 |       0 |   0.0
            +---------+---------+-------+---------+---------+-------
        D:1 |      51 |       0 |   0.0 |      26 |       0 |   0.0
        D:2 |     168 |       0 |   0.0 |      28 |       0 |   0.0
        D:3 |      17 |       0 |   0.0 |       3 |       0 |   0.0
            +---------+---------+-------+---------+---------+-------
